 Dungeon Crawl Stone Soup version 0.30-a0-475-g03497ec522 (console) character file.

Game seed: 8124983633244795697

7305 jejorda2 the Impaler (level 11, -7/89 HPs)
             Began as a Merfolk Berserker on Dec 20, 2022.
             Was a Priest of Trog.
             Mangled by a yak (12 damage)
             ... on level 9 of the Dungeon.
             The game lasted 00:17:48 (7269 turns).

jejorda2 the Impaler (Merfolk Berserker)            Turns: 7269, Time: 00:17:49

Health: -7/89      AC: 17    Str: 18    XL:     11   Next: 13%
Magic:  11/11      EV: 10    Int:  7    God:    Trog [***...]
Gold:   460        SH:  0    Dex: 17    Spells: 10/10 levels left

rFire   . . .      SeeInvis .    a - +1 glaive
rCold   + . .      Faith    .    (shield currently unavailable)
rNeg    + . .      Spirit   .    p - +0 chain mail
rPois   .          Reflect  .    m - +2 helmet
rElec   .          Harm     .    t - +0 cloak
rCorr   .          Rampage  .    w - +2 pair of gloves
Will    .....                    (no boots)
Stlth   ..........               D - amulet of the acrobat
HPRegen 0.34/turn                g - ring of protection from cold
MPRegen 0.12/turn                G - ring of positive energy

@: mighty, on berserk cooldown, hasted and slowed
A: (nimble swimmer 2), mertail
a: Renounce Religion, Berserk, Trog's Hand


You were on level 9 of the Dungeon.
You worshipped Trog.
Trog was most pleased with you.
You visited 1 branch of the dungeon, and saw 9 of its levels.
You also visited: Sewer.

You collected 460 gold pieces.

Inventory:

Hand Weapons
 a - a +1 glaive (weapon)
 b - a +0 spectral trident
 N - a +0 halberd
Missiles
 c - 110 stones (quivered)
 n - 8 poisoned darts
 o - 3 curare-tipped darts
 B - 2 silver boomerangs
 H - 5 boomerangs
Armour
 m - a +2 helmet (worn)
 p - a +0 chain mail (worn)
 t - a +0 cloak (worn)
 w - a +2 pair of gloves (worn)
Jewellery
 g - a ring of protection from cold (left hand)
 h - a ring of flight
 D - an amulet of the acrobat (around neck)
 G - a ring of positive energy (right hand)
 I - a ring of positive energy
Wands
 y - a wand of mindburst (29)
 z - a wand of acid (9)
 K - a wand of polymorph (2)
 M - a wand of flame (4)
Scrolls
 f - 2 scrolls of enchant weapon {unknown}
 j - 2 scrolls of fear
 q - 3 scrolls of teleportation
 r - 3 scrolls of blinking {unknown}
 u - 2 scrolls of immolation
 x - a scroll of magic mapping {unknown}
 C - a scroll of fog
 J - a scroll of silence {unknown}
 L - 3 scrolls of enchant armour
Potions
 d - 3 potions of berserk rage
 i - 7 potions of curing
 k - 2 potions of lignification
 l - a potion of might
 s - 5 potions of flight
 v - a potion of magic
 A - a potion of attraction
 E - a potion of invisibility
 F - a potion of haste


   Skills:
 + Level 9.0 Fighting
 * Level 16.1 Polearms
 - Level 6.0 Armour
 - Level 6.0 Dodging


You had 10 spell levels left.
You didn't know any spells.
Your spell library was empty.

Dungeon Overview and Level Annotations

Branches:
Dungeon (9/15)             Temple (0/1) D:6            Lair (0/5) D:8
  Sewer (visited)
    Orc: D:9-12

Altars:
Ashenzari
Cheibriados
Gozag
Hepliaklqana
Kikubaaqudgha
Makhleb
Ru
Uskayaw
Wu Jian
Xom

Annotations:
D:9 Psyche


Innate Abilities, Weirdness & Mutations

((You are very nimble when in or above water. (Stealth+, EV+, Speed+++)))
Your lower body shifts to a powerful aquatic tail in water.


Message History

Trog accepts your kill. The yak gores you but does no damage.
The yak barely misses you. The yak gores you!
* * * LOW HITPOINT WARNING * * *
Your Fighting skill increases to level 9!
Your Polearms skill increases to level 16!
You feel yourself speed up.
Your ogre hits the acid dragon with a +0 giant spiked club!!
The acid dragon dies!
Trog accepts your kill. The yak closely misses you.
The yak gores you but does no damage. The yak closely misses you.
Unknown command.
Unknown command.
You slice the yak!!
The yak is severely wounded.
Your ogre closely misses the yak.
The yak closely misses you. The yak barely misses you. The yak gores you.
* * * LOW HITPOINT WARNING * * *
You slice the yak!!
You kill the yak!
Trog accepts your kill. The yak gores you but does no damage.
The yak gores you!
* * * LOW HITPOINT WARNING * * *
You slice the yak!!
The yak is heavily wounded.
Your ogre barely misses the yak.
The yak gores you.
* * * LOW HITPOINT WARNING * * *
The yak gores you but does no damage.
The centaur wields a +0 shortbow.
The centaur shoots an arrow.
The arrow hits you but does no damage.
Your ogre hits the yak with a +0 giant spiked club!
The yak gores your ogre. The yak closely misses you.
You slash the yak!
The yak is moderately wounded.
The centaur shoots an arrow.
The arrow hits you but does no damage.
Your ogre hits the yak with a +0 giant spiked club!!
The yak dies!
Trog accepts your kill. The yak gores you!
You die...

.#.....................
#........c..............
........................
.........[..............
.......#...............#
................(.......
..............†O†.......
..............($Y.......
................@.......
........................
........................
........................
........................
........................
........................
..=.....................
..†...#.......


You could see a yak, a centaur and a friendly ogre (summoned, berserk).

Vanquished Creatures
  A two-headed ogre (D:8)
  3 death yaks (D:8)
  A hornet (D:6)
  A queen bee (D:8)
  The ghost of Juicyj the Covert, an amateur SpEn (D:5)
  A yak (D:9)
  Grum (D:9)
  2 ice beasts (D:6)
  An ogre (D:4)
  4 wolves (D:9)
  3 centaurs
  A phantom (D:7)
  4 bullfrogs
  5 scorpions
  A gnoll sergeant (D:9)
  A necrophage (D:7)
  5 wights (D:6)
  2 howler monkeys
  16 killer bees
  A jelly (D:6)
  2 orc priests
  A hound (D:6)
  3 iguanas
  Jessica (D:3)
  3 orc wizards
  8 gnolls
  12 adders
  9 river rats
  A shadow imp (D:6)
  2 white imps
  2 ufetubi (D:6)
  5 worms
  2 dart slugs
  32 orcs
  17 ball pythons
  11 endoplasms
  3 giant cockroaches (Sewer)
  6 goblins
  7 hobgoblins
  3 jackals (Sewer)
  2 quokkas
  16 bats
  5 frilled lizards
  5 kobolds
  5 rats
218 creatures vanquished.

Vanquished Creatures (collateral kills)
  A cyclops (D:9)
  3 yaks (D:9)
  An acid dragon (D:9)
5 creatures vanquished.

Vanquished Creatures (others)
  6 plants (D:8)
6 creatures vanquished.

Grand Total: 229 creatures vanquished

Notes
Turn   | Place    | Note
-------+----------+-------------------------------------------
     0 | D:1      | jejorda2 the Merfolk Berserker began the quest for the Orb.
     0 | D:1      | Reached XP level 1. HP: 18/18 MP: 1/1
   391 | D:1      | Reached XP level 2. HP: 22/24 MP: 2/2
  1153 | D:2      | Reached XP level 3. HP: 30/30 MP: 3/3
  1290 | D:2      | Found a faded altar of an unknown god.
  1391 | D:2      | Reached ** piety under Trog
  1629 | D:2      | Reached XP level 4. HP: 37/37 MP: 4/4
  1829 | D:3      | Reached skill level 5 in Polearms
  1831 | D:3      | Reached XP level 5. HP: 13/43 MP: 5/5
  1852 | D:3      | Found a broken altar of Ashenzari.
  1856 | D:3      | Saw a vision of the Shoals and the Snake Pit.
  1856 | D:3      | Noticed a naga
  1856 | D:3      | Noticed a merfolk impaler
  1856 | D:3      | Noticed a naga mage
  1856 | D:3      | Noticed a naga
  1856 | D:3      | Noticed a naga mage
  1856 | D:3      | Noticed an anaconda
  1856 | D:3      | Noticed a merfolk siren
  1856 | D:3      | Noticed a kraken
  1856 | D:3      | Noticed a merfolk
  1856 | D:3      | Noticed a manticore
  1856 | D:3      | Noticed a merfolk siren
  1856 | D:3      | Noticed a naga mage
  1856 | D:3      | Noticed a manticore
  1856 | D:3      | Noticed a naga
  1856 | D:3      | Noticed a kraken
  1856 | D:3      | Noticed a manticore
  1857 | D:3      | Noticed a naga ritualist
  1858 | D:3      | Noticed a harpy
  1952 | D:3      | Noticed Jessica
  1957 | D:3      | Killed Jessica
  2120 | D:3      | Found a glowing drain.
  2128 | Sewer    | Entered a sewer
  2214 | Sewer    | Reached XP level 6. HP: 50/50 MP: 6/6
  2365 | Sewer    | Reached *** piety under Trog
  2366 | Sewer    | Reached skill level 5 in Fighting
  2372 | Sewer    | Reached skill level 6 in Polearms
  3098 | D:4      | Reached XP level 7. HP: 56/56 MP: 7/7
  3345 | D:4      | Found an ancient bone altar of Kikubaaqudgha.
  3455 | D:5      | Entered Level 5 of the Dungeon
  3460 | D:5      | Found a runed translucent door.
  3464 | D:5      | Noticed Juicyj's ghost (amateur SpEn)
  3482 | D:5      | Killed Juicyj's ghost
  3483 | D:5      | Reached skill level 7 in Polearms
  3488 | D:5      | Reached skill level 5 in Dodging
  3492 | D:5      | Found a runed translucent door.
  3868 | D:5      | Reached skill level 8 in Polearms
  3868 | D:5      | Reached XP level 8. HP: 64/64 MP: 8/8
  4319 | D:6      | Noticed a hornet
  4327 | D:6      | Killed a hornet
  4328 | D:6      | Reached skill level 9 in Polearms
  4423 | D:6      | Found a staircase to the Ecumenical Temple.
  4484 | D:6      | Reached **** piety under Trog
  4539 | D:6      | Reached skill level 10 in Polearms
  4643 | D:6      | Found an opulent altar of Gozag.
  4919 | D:6      | Reached XP level 9. HP: 64/69 MP: 9/9
  5006 | D:6      | Reached skill level 11 in Polearms
  5510 | D:7      | Reached skill level 12 in Polearms
  5510 | D:7      | Reached skill level 5 in Armour
  5591 | D:7      | Found a hide-covered altar of Uskayaw.
  5614 | D:7      | Found a shimmering altar of Xom.
  5720 | D:7      | Found an ornate altar of the Wu Jian Council.
  5722 | D:7      | Found a snail-covered altar of Cheibriados.
  5722 | D:7      | Found a burning altar of Makhleb.
  5723 | D:7      | Found a sacrificial altar of Ru.
  6024 | D:8      | Noticed a death yak
  6026 | D:8      | Found a staircase to the Lair.
  6026 | D:8      | Noticed a death yak
  6026 | D:8      | Noticed a death yak
  6043 | D:8      | Killed a death yak
  6044 | D:8      | Reached skill level 13 in Polearms
  6044 | D:8      | Reached XP level 10. HP: 64/77 MP: 10/10
  6051 | D:8      | Killed a death yak
  6302 | D:8      | Killed a death yak
  6303 | D:8      | Reached skill level 14 in Polearms
  6357 | D:8      | Noticed a two-headed ogre
  6367 | D:8      | Killed a two-headed ogre
  6488 | D:8      | Found a hazy altar of Hepliaklqana.
  6841 | D:8      | Reached skill level 15 in Polearms
  7117 | D:9      | Noticed Grum
  7137 | D:9      | Killed Grum
  7239 | D:9      | Noticed Psyche
  7254 | D:9      | Noticed a cyclops
  7260 | D:9      | Killed a cyclops
  7261 | D:9      | Reached XP level 11. HP: 22/87 MP: 11/11
  7264 | D:9      | Reached skill level 16 in Polearms
  7267 | D:9      | HP: 4/89 [yak (6)]
  7269 | D:9      | Mangled by a yak

Illustrated notes

Levels and vault maps discovered:
D:1:      kilobyte_arrival_exit_the_forest, layout_loops_cross, minivault_19,
          corexii_item_surrounded_by_moat, minmay_curled_crystal
D:2:      layout_loops_cross, nicolae_ecumenical_lake_church,
          minmay_divided_ellipse
D:3:      layout_basic, grunt_ashenzari_visionary
          [grunt_ashenzari_visionary_shoals, grunt_ashenzari_visionary_snake],
          lightli_sewer_entry_pipes, uniq_jessica
D:4:      layout_cave_pools, nicolae_overflow_crystal_walls
D:5:      layout_basic, ebering_ghost_sewer_f
D:6:      layout_gridville, mainiacjoe_overflow_tiny_flanked,
          minmay_temple_entry_drinking_statues
D:7:      layout_loops_ring, mainiacjoe_overflow_small_starburst,
          mainiacjoe_overflow_paths, chequers_temple_overflow_statue_of_worship,
          nicolae_kite_square_tiling_tiny
D:8:      layout_basic, nicolae_hepliaklqana_hazy_memory, dpeg_lair_monsters,
          nicolae_looking_at_the_future
D:9:      layout_cross, orc_0_dummy, uniq_psyche, uniq_grum, uniq_harold

Skill      XL: |  1  2  3  4  5  6  7  8  9 10 11 |
---------------+----------------------------------+-----
Dodging        | 3 4 5 6 |  6.0
Fighting       | 4 5 6 8 9 |  9.0
Polearms       | 5 6 8 10 13 15 16 | 16.1
Armour         | 2 3 4 5 6 |  6.0

Action                   |  1- 3 |  4- 6 |  7- 9 | 10-12 || total
-------------------------+-------+-------+-------+-------++-------
Melee: Spear             |    48 |       |       |       ||    48
       Trident           |    86 |   120 |   159 |    84 ||   449
       Tailslap          |       |     2 |       |       ||     2
       Glaive            |       |       |       |    19 ||    19
       Punch             |       |       |       |     1 ||     1
Invok: Berserk           |     1 |     2 |     2 |     3 ||     8
       Trog's Hand       |       |     2 |     3 |     2 ||     7
       Brothers in Arms  |       |       |       |     1 ||     1
Evoke: Wand              |       |       |       |     1 ||     1
  Use: Scroll            |       |    16 |     2 |     5 ||    23
       Potion            |       |       |     1 |     4 ||     5
 Stab: Sleeping          |       |     2 |       |       ||     2
       Distracted        |       |       |     3 |     1 ||     4
Armor: Animal skin       |     1 |       |       |       ||     1
       Ring mail         |    53 |    21 |       |       ||    74
       Chain mail        |       |    11 |    26 |    44 ||    81
Dodge: Dodged            |    86 |    39 |    37 |    53 ||   215

Table legend: (Time is in decaauts)
 A = Elapsed time spent in this place.
 B = Non-inter-level travel time spent in this place.
 C = Inter-level travel time spent in this place.
 D = Time resting spent in this place.
 E = Time spent auto-exploring this place.
 F = Levels seen in this place.
 G = Mean time per level.
                   A        B        C        D        E       F      G
               +--------+--------+--------+--------+--------+-----+--------+
         Total |   7131 |   6729 |    402 |    252 |   5112 |  10 |  713.1 |
       Dungeon |   6778 |   6376 |    402 |    252 |   4888 |   9 |  753.1 |
         Sewer |    353 |    353 |      0 |      0 |    224 |   1 |  353.0 |
               +--------+--------+--------+--------+--------+-----+--------+

Top non-repeatable levels by time:
     D:8: 1091 daAuts
     D:1: 953 daAuts
     D:6: 939 daAuts
     D:2: 816 daAuts
     D:5: 810 daAuts
     D:7: 699 daAuts
     D:4: 690 daAuts
     D:3: 549 daAuts
   Sewer: 353 daAuts
     D:9: 228 daAuts
